AoeStats
← Vykostovac

Arabia

508896348Analyzed
2v2 RM · 7d ago on Sep 24, 2026· 33m 9s· 4 players
Game mode
Random Map
Map size
Medium (4 player)
Population
200
Speed
Normal
Resources
Standard
Victory
Conquest
Starting age
Dark Age
Ending age
Imperial Age
RankedLock teamsTeams togetherTeam positionsShared explorationLock speedFull tech treeHidden civsTurbo modeCheats
Victory
Defeat
🇩🇪 Italians · Germany
978
+11
🇩🇪 Jurchens · Germany
775
+19
🇨🇿 Turks · Czechia
865
-15
🇨🇿 Malians · Czechia
858
-15
Teoldis
10:51 Feudal Age
12:13 Stone Mining
15:36 Castle Age
18:43 Double-Bit Axe
19:08 Pikeman
Vykostovac
7:33 Loom
11:10 Feudal Age
16:19 Scale Barding Armor
25:43 Bloodlines
30:03 Castle Age
A silly fella
0:27 Loom
11:12 Feudal Age
14:12 Wheelbarrow
13:49 Double-Bit Axe
18:52 Castle Age
17:41 Horse Collar
17:59 Gold Mining
22:08 Stone Mining
21:49 Crossbowman
23:16 Fletching
29:25 Padded Archer Armor
Walls vs Zombies 2009
8:31 Feudal Age
10:27 Double-Bit Axe
11:10 Loom
11:48 Loom
14:15 Forging
14:10 Scale Barding Armor
14:25 Bloodlines
15:18 Scale Barding Armor
18:41 Wheelbarrow
21:58 Castle Age
20:45 Horse Collar
22:02 Light Cavalry
28:09 Town Watch
28:46 Bow Saw
30:16 Padded Archer Armor
31:10 Ballistics
31:29 Hand Cart
Connection lost

Rejoining the realm…

Still unreachable

The connection could not be restored.

Session expired

The server has moved on; the page needs a fresh start.